 Dungeon Crawl Stone Soup version 0.32-a0-986-ga09f62fbf4 (webtiles) character file.

Game seed: 4746457017927048116

542815 AutarchDCSS the Acrobat (level 24, -2/228 HPs)
             Began as a Grey Draconian Warper on Apr 21, 2024.
             Was the Champion of Makhleb.
             Slain by a black draconian knight
             ... wielding a +0 great sword
              (11 damage)
             ... on level 1 of the Realm of Zot on Apr 22, 2024.
             The game lasted 03:45:17 (120578 turns).

AutarchDCSS the Acrobat (Grey Draconian Warper)   Turns: 120578, Time: 03:45:18

Health: -2/228     AC: 26    Str: 11    XL:     24   Next: 79%
Magic:  6/37       EV: 36    Int: 15    God:    Makhleb [******]
Gold:   2073       SH:  0    Dex: 30    Spells: 34/43 levels left

rFire   + + +        a - +9 lajatang (speed)
rCold   . . .        (shield currently unavailable)
rNeg    + . .        (body armour unavailable)
rPois   +            (helmet restricted)
rElec   .            L - +2 cloak {rPois}
rCorr   +            D - +3 Mad Mage's Maulers {Infuse+∞ VampMP -Cast}
SInv    .            d - +1 pair of boots
Will    ++...        z - amulet of Hepliaklqana's Regard {rF+ RegenMP+}
Stlth   +++++        u - ring of Yplamyuth {^Drain rPois rN+ rCorr Dex+2}
HPRegen 0.58/turn    h - ring of protection from fire
MPRegen 0.65/turn

%: no spellcasting, infuse magic (6 MP)
@: about to teleport, unable to drink
A: mud breath, mud-swimmer, AC +17, amphibious, unfitting armour, cold-blooded,
agile 2, fire resistance 1, strong-willed 1, wild magic 2, no potion heal 1,
inability to drink after injury 1
}: 3/15 runes: barnacled, slimy, gossamer
a: Mud Breath, Renounce Religion, Minor Destruction, Lesser Servant of Makhleb,
Major Destruction, Greater Servant of Makhleb


You were on level 1 of the Realm of Zot.
You worshipped Makhleb.
Makhleb was exalted by your worship.
You visited 11 branches of the dungeon, and saw 50 of its levels.
You visited the Abyss 1 time.
You also visited: Ice Cave.

You collected 6033 gold pieces.
You spent 3960 gold pieces at shops.

Inventory:

Hand Weapons
 a - a +9 lajatang of speed (weapon)
 b - the +8 lance "Wyrmbane" {slay drac, rPois rF+ rC+ AC+3}
   (You took it off a vampire knight on level 3 of the Crypt)

   AC+3:      It affects your AC (+3).
   rF+:       It protects you from fire.
   rC+:       It protects you from cold.
   rPois:     It protects you from poison.
Missiles
 c - 7 darts of dispersal
 q - 12 boomerangs
 x - 9 throwing nets
 F - 8 silver javelins
 I - 15 javelins
Armour
 d - a +1 pair of boots (worn)
 D - the +3 Mad Mage's Maulers (worn) {Infuse+∞ VampMP -Cast}
   (You bought it in a shop on level 2 of the Elven Halls)

   Infuse+∞: It empowers its wearer's blows with all of their magic.
   VampMP:    Blows struck in melee replenish the wearer's magic.
   -Cast:     It prevents spellcasting.
 L - a +2 cloak of poison resistance (worn)
 Y - the +0 pair of gloves of the gadgeteer {Gadgeteer Wandboost ^Fragile}
   (You found it on level 4 of the Spider Nest)

   Gadgeteer: Your evocable items recharge 30% faster and wands have a 30%
   chance to not spend a charge.
   Wandboost: Your wands are more powerful.
   ^Fragile:  It will be destroyed if unequipped.
Jewellery
 h - a ring of protection from fire (right hand)
 k - the ring of the Trilobite {rPois Will+ Str+6}
   (You took it off a skeletal warrior on level 3 of the Crypt)

   [ring of strength]

   Str+6:     It affects your strength (+6).
   rPois:     It protects you from poison.
   Will+:     It increases your willpower.
 t - the ring of Lucoqac {rC+ rN+ Dex+3}
   (You found it on level 4 of the Vaults)

   [ring of positive energy]

   Dex+3:     It affects your dexterity (+3).
   rC+:       It protects you from cold.
   rN+:       It protects you from negative energy.
 u - the ring of Yplamyuth (left hand) {^Drain rPois rN+ rCorr Dex+2}
   (You took it off a deep elf archer on level 3 of the Elven Halls)

   [ring of poison resistance]

   Dex+2:     It affects your dexterity (+2).
   rPois:     It protects you from poison.
   rN+:       It protects you from negative energy.
   rCorr:     It protects you from acid and corrosion.
   ^Drain:    It drains your maximum health when unequipped.
 z - the amulet of Hepliaklqana's Regard (around neck) {rF+ RegenMP+}
   (You took it off a deep elf pyromancer on level 3 of the Elven Halls)

   [amulet of magic regeneration]

   It increases your rate of magic regeneration.
   rF+:       It protects you from fire.
   RegenMP+:  It increases your rate of magic regeneration.
 P - the ring of Eternity {Will+ MP+9 Slay+2}
   (You took it off a deep elf zephyrmancer on level 3 of the Elven Halls)

   [ring of willpower]

   Slay+2:    It affects your accuracy & damage with ranged weapons and melee
   (+2).
   Will+:     It increases your willpower.
   MP+9:      It affects your magic capacity (+9).
 R - an amulet of regeneration
 Z - a ring of see invisible
Wands
 w - a wand of digging (6)
 G - a wand of quicksilver (11)
 K - a wand of warping (45)
 S - a wand of charming (33)
 X - a wand of mindburst (23)
Scrolls
 e - a scroll of revelation
 i - 3 scrolls of brand weapon
 n - 15 scrolls of teleportation
 s - 2 scrolls of butterflies
 v - 8 scrolls of blinking
 A - 3 scrolls of silence
 B - a scroll of immolation
 N - 7 scrolls of fog
 U - 6 scrolls of torment
Potions
 f - 4 potions of magic
 g - 14 potions of curing
 j - 2 potions of brilliance
 l - 4 potions of might
 m - 3 potions of invisibility
 o - 7 potions of heal wounds
 p - 10 potions of lignification
 y - 6 potions of resistance
 C - 7 potions of ambrosia
 H - 6 potions of enlightenment
 J - a potion of cancellation
 O - 5 potions of attraction
 Q - 2 potions of haste
 T - 3 potions of mutation
Miscellaneous
 r - a lightning rod (3/4)
 E - a phantom mirror
 M - a sack of spiders
 V - a phial of floods (inert)
 W - a tin of tremorstones (inert)


   Skills:
 + Level 21.1 Fighting
 - Level 14.0 Short Blades
 - Level 21.8 Staves
 - Level 0.8 Throwing
 + Level 21.9 Dodging
 + Level 7.6 Stealth
 - Level 5.0 Shields
 - Level 10.0 Spellcasting
 - Level 2.0 Conjurations
 - Level 3.0 Translocations
 - Level 7.3 Earth Magic
 - Level 19.0 Invocations
 - Level 13.1 Evocations


You had 34 spell levels left.
You knew the following spells:

 Your Spells              Type           Power      Damage    Failure   Level
a - Blink                 Tloc           52%        N/A       11%         2
b - Swiftness             Air            12%        N/A       45%         3
c - Passage of Golubria   Tloc           26%        N/A       45%         4

Your spell library contained the following spells:

 Spells                   Type           Power      Damage    Failure   Level
 Sandblast                Erth           94%        2d19      2%          1
 Passwall                 Erth           47%        N/A       4%          3
 Apportation              Tloc           52%        N/A       8%          1
 Magic Dart               Conj           84%        1d7       11%         1
 Lesser Beckoning         Tloc           52%        N/A       11%         2
 Stone Arrow              Conj/Erth      68%        3d11      11%         3
 Foxfire                  Conj/Fire      64%        2x1d7     14%         1
 Kiss of Death            Conj/Necr      64%        2d10      14%         1
 Shock                    Conj/Air       64%        1d7       14%         1
 Sting                    Conj/Alch      64%        1d7       14%         1
 Searing Ray              Conj           42%        2d6       14%         2
 Maxwell's Portable Pile  Tloc           26%        2d(7-21)  19%         3
 Teleport Other           Tloc           26%        N/A       19%         3
 Freeze                   Ice            48%        1d6       21%         1
 Necrotise                Necr           48%        1d6       21%         1
 Slow                     Hex            48%        N/A       21%         1
 Summon Small Mammal      Summ           48%        N/A       21%         1
 Static Discharge         Conj/Air       32%        3-5/arc   21%         2
 Lee's Rapid Deconstruct  Erth           23%        3d13*     26%         5
 Call Imp                 Summ           24%        N/A       28%         2
 Cigotuvi's Dreadful Rot  Necr/Alch/Air  24%        N/A       28%         2
 Ensorcelled Hibernation  Hex/Ice        24%        N/A       28%         2
 Jinxbite                 Hex            24%        N/A       28%         2
 Mercury Vapours          Alch/Air       24%        N/A       28%         2
 Brom's Barrelling Bould  Conj/Erth      34%        2d5       28%         4
 Volatile Blastmotes      Fire/Tloc      38%        2d13      30%         3
 Hailstorm                Conj/Ice       16%        3d6       34%         3
 Mephitic Cloud           Conj/Alch/Air  15%        N/A       38%         3
 Leda's Liquefaction      Alch/Erth      14%        N/A       38%         4
 Call Canine Familiar     Summ           12%        N/A       45%         3
 Confusing Touch          Hex            12%        N/A       45%         3
 Frozen Ramparts          Ice            24%        1d4       45%         3
 Inner Flame              Hex/Fire       12%        N/A       45%         3
 Sigil of Binding         Hex            12%        N/A       45%         3
 Tukima's Dance           Hex            12%        N/A       45%         3
 Vampiric Draining        Necr           12%        2d6       45%         3
 Iskenderun's Mystic Bla Conj/Tloc 24%            2d7        (+2d3     52%         4
 Dimensional Bullseye     Hex/Tloc       9%         N/A       63%         4
 Vhi's Electric Charge    Tloc/Air       38%        N/A       63%         4
 Borgnjor's Vile Clutch   Necr/Erth      14%        N/A       69%         5
 Flame Wave               Conj/Fire      16%        2d7       71%         4
 Fulminant Prism          Conj/Alch      8%         3d6       71%         4
 Airstrike                Air            6%         2d(1-17)  82%         4
 Animate Dead             Necr           12%        N/A       82%         4
 Dispel Undead            Necr           12%        3d9       82%         4
 Ignite Poison            Fire/Alch      12%        N/A       82%         4
 Olgreb's Toxic Radiance  Alch           12%        N/A       82%         4
 Sticky Flame             Fire/Alch      12%        2d5       82%         4
 Summon Blazeheart Golem  Fire/Summ      12%        N/A       82%         4
 Summon Lightning Spire   Summ/Air       12%        N/A       82%         4
 Iskenderun's Battlesphe  Conj           21%        2d7       87%         5
 Arcjolt                  Conj/Air       8%         1d18      95%         5
 Fireball                 Conj/Fire      8%         3d6       95%         5
 Irradiate                Conj/Alch      8%         3d14      95%         5
 Freezing Cloud           Conj/Ice/Air   7%         6-21      96%         5
 Alistair's Intoxication  Alch           8%         N/A       98%         5
 Curse of Agony           Necr           12%        N/A       98%         5
 Silence                  Hex/Air        6%         N/A       98%         5
 Summon Mana Viper        Hex/Summ       12%        N/A       98%         5
 Yara's Violent Unravell  Hex/Alch       6%         3d5       98%         5
 Dispersal                Tloc           13%        N/A       99%         6
 Gell's Gavotte           Tloc           13%        2d(17-25) 99%         6
 Permafrost Eruption      Ice/Erth       14%        2x4d4     99%         6
 Conjure Ball Lightning   Conj/Air       8%         3x3d6     100%        6
 Death Channel            Necr           6%         N/A       100%        6
 Plasma Beam              Fire/Air       6%         2x1d16    100%        6
 Starburst                Conj/Fire      8%         6d4       100%        6
 Summon Cactus Giant      Summ           6%         N/A       100%        6
 Magnavolt                Erth/Air       14%        3d12      100%        7
 Malign Gateway           Summ/Tloc      9%         N/A       100%        7
 Manifold Assault         Tloc           13%        N/A       100%        7
 Orb of Destruction       Conj           10%        9d6       100%        7
 Ozocubu's Refrigeration  Ice            6%         4d8       100%        7
 Rimeblight               Ice/Necr       6%         2d3       (prima100%   7
 Spellforged Servitor     Conj/Summ      8%         N/A       100%        7
 Discord                  Hex            6%         N/A       100%        8
 Disjunction              Tloc           13%        N/A       100%        8
 Infestation              Necr           6%         N/A       100%        8
 Maxwell's Capacitive Co  Air            6%         ∞         100%        8
 Summon Horrible Things   Summ           6%         N/A       100%        8
 Animate Armour           Summ/Erth      Unusable   N/A       N/A         4

Dungeon Overview and Level Annotations

Branches:
Dungeon (15/15)            Temple (0/1) D:7            Lair (5/5) D:10
 Shoals (4/4) Lair:3       Spider (4/4) Lair:2        Slime (5/5) Lair:4
    Orc (2/2) D:11            Elf (3/3) Orc:2        Vaults (4/5) D:14
  Crypt (3/3) Vaults:3       Tomb (0/3) Crypt:3      Depths (4/4) D:15
    Zot (1/5) Depths:4      IceCv (visited)

Altars:
Ashenzari
Cheibriados
Elyvilon
Hepliaklqana
Kikubaaqudgha
Makhleb
Okawaru
Ru
Sif Muna
Trog
Uskayaw
Vehumet
Wu Jian
Jiyva

Shops:
D:5 :   D:6 [   Orc:1 (   Orc:2 *!!*   Elf:1 !=   Elf:2 [   Elf:3 (
Vaults:2 [   Vaults:3 (   Depths:1 *?(

Portals:
Hell: Depths:1 Depths:2 Depths:3 Depths:4
Abyss: Depths:1 Depths:2 Depths:3
Pandemonium: Depths:2
Ziggurat: Depths:2

Annotations:
D:15 Roxanne
Lair:1 exclusion: oklob plant
Lair:3 exclusion: oklob plant
Spider:3 Arachne
Slime:2 Dissolution
Elf:1 36 runed translucent doors, exclusions: deep elf pyromancer, orange crystal statue and 1 more exclusion
Elf:2 5 runed translucent doors
Vaults:1 exclusion: obsidian statue
Crypt:2 3 runed translucent doors, Vywebed's ghost, adept MiFi
Depths:1 exclusion: 2 orange crystal statues
Depths:2 exclusions: glass eye, great orb of eyes, very ugly thing and 1 more exclusion


Innate Abilities, Weirdness & Mutations

You can breathe torrents of mud.
You are unimpeded by mud.
Your dull iron-grey scales are very hard. (AC +17)
You are amphibious.
You cannot fit into any form of body armour.
You are cold-blooded and may be slowed by cold attacks.
You are very agile. (Dex +8, Str/Int -2)
Your flesh is heat resistant. (rF+)
You are strong-willed. (Will+)
Your spells are harder to cast, but more powerful.
Potions are less effective at restoring your health.
You occasionally lose the ability to drink potions when taking damage.


Message History

A bolt of lightning appears from out of thin air!
The bolt of lightning hits you!
* * * LOW HITPOINT WARNING * * *
The storm dragon misses you. The storm dragon completely misses you.
The storm dragon closely misses you. Something completely misses you.
The white draconian closely misses you.
The black draconian breathes lightning at you.
The bolt of lightning hits the storm dragon.
The storm dragon completely resists.
The bolt of lightning hits something.
The bolt of lightning misses you. x2
As you read the scroll of teleportation, it crumbles to dust.
You feel strangely unstable.
You feel the Orb delaying your translocation!
Something hits you but does no damage. The storm dragon bites you!
* * * LOW HITPOINT WARNING * * *
You feel threatened and lose the ability to drink potions!
The storm dragon misses you. x2; The white draconian misses you.
You cannot drink potions in your current state!
Unknown command.
Something closely misses you.
The storm dragon breathes lightning at you.
The bolt of lightning hits something.
The bolt of lightning misses you. x2
Something hits you!
* * * LOW HITPOINT WARNING * * *
Something hits you!
* * * LOW HITPOINT WARNING * * *
You cannot drink potions in your current state!
Unknown command.
Okay, then.
Aiming: Thunderbolt
Press: ? - help, Shift-Dir - straight line, f - storm dragon
Aim: a storm dragon (lightly wounded)
The thunderbolt hits the storm dragon.
The storm dragon completely resists.
The storm dragon is lightly wounded.
The thunderbolt hits something.
A bolt of lightning appears from out of thin air!
The bolt of lightning misses you. x2; The bolt of lightning hits something.
The bolt of lightning hits the storm dragon.
The storm dragon completely resists.
Something hits you!
You die...

#.. #.. ..⌠. #.. .... #.. .⌠...
#.. #d.... #'##### #....⌠. ##
#.DD{@##d.q.. .. ##.####..d#
..###########)####.§q#
..#.........d...dq⌠.## ..#.#
#######.###d..# ..'.#########.#
##.## ..#...........#
.....#.......#
###.########..###.............#
#.# #.##......~~~......##


You could see 2 storm dragons.

Vanquished Creatures
  2 orbs of fire (Zot:1)
  Mennas (Depths:4)
  A golden dragon (Depths:4)
  A bone dragon (Depths:4)
  The ghost of Ciogeq the Sorcerer, an adept DECj of Vehumet (Vaults:1)
  Nikola (Shoals:1)
  2 doom hounds
  Jorgrun (Shoals:1)
  Zenata (Elf:1)
  The ghost of grrhawk the Impaler, an adept FoFi of Uskayaw (Shoals:4)
  4 tentacled monstrosities
  Grunn (Depths:4)
  A walking crystal tome (Depths:3)
  A walking frostbound tome (Depths:1)
  A deep elf blademaster (Elf:3)
  3 liches
  A titan (Depths:2)
  A deep elf master archer (Elf:3)
  A quicksilver dragon (Zot:1)
  A kraken (Shoals:4)
  22 acid blobs
  2 sphinxes
  3 tengu reavers
  Polyphemus (Shoals:3)
  An ancient champion (Crypt:2)
  2 storm dragons
  Kirke (Lair:3)
  3 shadow dragons
  8 rockslimes
  16 azure jellies
  A draconian monk (Depths:4)
  A draconian shifter (Depths:4)
  A nargun (Depths:1)
  2 iron dragons (Depths:3)
  8 deep elf sorcerers
  6 fire giants
  7 revenants
  10 frost giants
  9 vault wardens
  4 emperor scorpions
  A ghost moth (Spider:1)
  A caustic shrike zombie (Crypt:3)
  6 deep elf elementalists (Elf:3)
  5 orc warlords
  3 broodmothers
  3 curse skulls
  14 quicksilver oozes
  6 ghouls
  2 reapers
  12 ironbound preservers
  12 stone giants
  6 ironbound thunderhulks
  4 formless jellyfish
  A caustic shrike skeleton (Crypt:3)
  12 very ugly things
  A putrid mouth (Depths:4)
  11 deep elf death magi
  2 wendigos (Depths:1)
  22 vampire knights
  A yellow draconian (Depths:4)
  5 deep elf demonologists (Elf:3)
  2 white draconians (Depths:4)
  2 purple draconians (Zot:1)
  6 spark wasps
  6 deep elf annihilators (Elf:3)
  A black draconian (Depths:4)
  3 red draconians (Depths:4)
  18 dire elephants
  5 ettins
  3 merfolk javelineers
  8 eidola
  Josephine (Lair:4)
  14 jiangshi
  5 merfolk impalers
  10 fire dragons
  A deep elf high priest (Elf:3)
  9 yaktaur captains
  3 spriggan zombies
  15 great orbs of eyes
  3 rakshasas
  8 entropy weavers
  A caustic shrike simulacrum (Depths:1)
  7 hydras
  8 vault guards
  11 ice dragons
  5 ogre magi
  3 centaur warriors
  A spriggan skeleton (Crypt:2)
  A catoblepas (Lair:5)
  2 sphinx zombies
  9 ironbound frosthearts
  Erica (D:10)
  A spriggan air mage (Depths:3)
  An alligator snapping turtle (Shoals:3)
  A death knight (Crypt:1)
  6 boulder beetles
  19 dancing weapons
  21 two-headed ogres
  9 deep troll shamans
  3 merfolk aquamancers (Shoals:4)
  4 radroaches
  3 satyrs
  8 tengu warriors
  An azure jelly zombie (Crypt:1)
  4 merfolk avatars
  5 demonic crawlers
  5 spriggan berserkers
  6 deep troll earth magi
  15 vampire magi
  6 occultists
  A death scarab (Spider:1)
  13 death yaks
  A titan zombie (Crypt:3)
  8 deep elf knights
  2 spriggans (Depths:2)
  A sun demon (Depths:4)
  8 iron trolls
  A titan skeleton (Crypt:1)
  46 skeletal warriors
  Amaemon (Lair:3)
  3 skysharks
  11 deep elf archers
  52 deep trolls
  4 soul eaters
  16 sea snakes
  4 pharaoh ants (Spider:1)
  2 bunyip zombies
  A sea snake (shapeshifter) (Depths:2)
  7 orb spiders
  5 flayed ghosts
  4 glowing orange brains
  5 ironbound convokers
  Pikel (D:5)
  4 arcanists
  An orb spider (shapeshifter) (Depths:4)
  An anaconda skeleton (Crypt:3)
  8 steelbarb worms
  2 harpies (shapeshifter)
  11 lindwurms
  39 harpies
  A bog body (Crypt:3)
  16 deep elf zephyrmancers
  A steelbarb worm (shapeshifter) (Depths:2)
  20 deep elf pyromancers
  2 thermic dynamos (Elf:2)
  20 phantasmal warriors
  An obsidian bat (Orc:1)
  An iron dragon zombie (Crypt:1)
  4 necromancers
  13 orc knights
  A sphinx simulacrum (Depths:1)
  31 ugly things
  A stone giant zombie (Vaults:1)
  15 fauns
  17 manticores
  16 wolf spiders
  10 cyclopes
  A cyclops (shapeshifter) (D:13)
  An orc sorcerer (Orc:1)
  A shining eye (Slime:5)
  A large abomination (Abyss:3)
  A moth of wrath (shapeshifter) (D:15)
  3 moths of wrath
  A shining eye (shapeshifter) (Depths:2)
  24 elephants
  8 merfolk sirens
  14 vault sentinels
  3 meliai
  3 centaur zombies (Crypt:3)
  2 ice statues (IceCv)
  An alligator snapping turtle zombie (Crypt:3)
  A smoke demon (Abyss:3)
  An orange demon (Lair:3)
  4 eyes of devastation
  5 water nymphs
  7 black mambas
  2 unseen horrors
  5 torpor snails
  15 cane toads
  An alligator snapping turtle skeleton (Crypt:2)
  35 yaktaurs
  An efreet (Abyss:3)
  6 komodo dragons
  A kobold demonologist (D:10)
  A pale draconian zombie (Crypt:2)
  A gargoyle (D:11)
  3 rime drakes
  4 freezing wraiths
  A tormentor (Depths:4)
  3 ice devils (IceCv)
  A bunyip simulacrum (Crypt:3)
  A grey draconian zombie (Crypt:3)
  A redback zombie (Crypt:3)
  7 tengu conjurers
  A purple draconian skeleton (Crypt:1)
  7 trolls
  2 harpy zombies (Crypt:1)
  An ancient zyme (Abyss:3)
  A death drake zombie (Crypt:3)
  A queen bee (shapeshifter) (D:13)
  30 tarantellas
  3 polar bears (Lair:5)
  6 wind drakes
  21 jumping spiders
  A hydra skeleton (Crypt:1)
  A polar bear (shapeshifter) (D:15)
  23 merfolk
  30 blink frogs
  3 hornets
  9 snapping turtles
  12 dream sheep
  2 air elementals
  126 slime creatures
  27 culicivoras
  19 wraiths
  A fire dragon skeleton (Crypt:2)
  A vampire (D:13)
  6 hogs
  10 water elementals
  3 wyverns
  2 fire elementals
  30 yaks
  9 basilisks
  3 golden eyes (Slime:2)
  2 steam dragons
  A warg (Orc:2)
  8 vampire mosquitoes
  A death yak simulacrum (IceCv)
  48 redbacks
  Menkaure (D:7)
  A deep troll zombie (Crypt:3)
  4 acid dragons
  15 water moccasins
  An elephant zombie (Crypt:1)
  3 black bears
  20 orc warriors
  10 laughing skulls
  An ettin simulacrum (Depths:1)
  A merfolk simulacrum (Crypt:3)
  27 ogres
  A blink frog skeleton (Crypt:2)
  14 centaurs
  14 wolves
  2 human skeletons (Vaults:1)
  A swamp dragon skeleton (Crypt:2)
  A lemure (D:5)
  A phantom (D:6)
  A hog skeleton (Crypt:2)
  6 kobold brigands
  A gnoll sergeant (D:12)
  6 bullfrogs
  5 scorpions
  A salamander skeleton (Crypt:3)
  2 earth elementals (Elf:3)
  A water moccasin zombie (Crypt:3)
  A small abomination (Abyss:3)
  10 wights (D:9)
  A vampire bat (D:3)
  3 electric eels
  A yak skeleton (Crypt:2)
  A crimson imp (D:12)
  9 howler monkeys
  A bombardier beetle (D:4)
  4 hounds
  2 jellies (Lair:4)
  12 orc priests
  A gnoll bouda (D:4)
  A basilisk skeleton (Crypt:3)
  5 sleepcaps
  Terence (D:2)
  A black bear skeleton (Crypt:2)
  23 orc wizards
  5 spriggan simulacra
  A hound zombie (Crypt:2)
  Robin (D:3)
  6 adders
  11 gnolls
  A swamp drake zombie (Crypt:1)
  A naga simulacrum (IceCv)
  A shadow imp (D:5)
  A white imp (Abyss:3)
  4 ufetubi
  An iguana zombie (Crypt:1)
  A lava snake zombie (Crypt:1)
  An adder skeleton (Crypt:2)
  4 ribbon worms
  A dart slug (D:4)
  49 orcs
  7 ball pythons
  5 bats
  3 bat skeletons (D:3)
  2 bat zombies (D:3)
  10 endoplasms
  13 goblins
  11 hobgoblins
  6 jackals
  30 kobolds
  5 quokkas
  A frilled lizard (D:2)
  A hobgoblin zombie (Crypt:1)
  An orc skeleton (Crypt:2)
  8 rats
  A rat skeleton (Crypt:1)
2021 creatures vanquished.

Vanquished Creatures (collateral kills)
  the Royal Jelly (Slime:5)
  Bai Suzhen (Spider:4)
  A sphinx (Vaults:1)
  Agnes (Spider:4)
  Aizul (Shoals:1)
  A vault warden (Vaults:4)
  5 ghost moths
  An orc warlord (Vaults:3)
  An ironbound thunderhulk (Vaults:4)
  A dire elephant (Vaults:1)
  2 merfolk javelineers (Shoals:4)
  A merfolk impaler (Shoals:2)
  An entropy weaver (Spider:1)
  A vault guard (Vaults:4)
  A catoblepas (Shoals:3)
  An ironbound frostheart (Vaults:4)
  2 merfolk aquamancers
  A dancing weapon (Elf:1)
  A satyr (Shoals:2)
  Sonja (D:10)
  A deep elf knight (Elf:1)
  A pharaoh ant (Spider:1)
  A skyshark (Shoals:1)
  2 deep elf archers (Elf:1)
  A sea snake (Shoals:3)
  A deep troll (Vaults:1)
  An orb spider (Spider:1)
  An ironbound convoker (Vaults:4)
  4 harpies
  3 deep elf zephyrmancers (Elf:1)
  2 deep elf pyromancers (Elf:1)
  A wolf spider (Spider:4)
  2 water nymphs (Shoals:4)
  A torpor snail (Spider:1)
  A komodo dragon (D:10)
  5 yaktaurs
  A wind drake (Shoals:2)
  3 tarantellas
  A snapping turtle (Shoals:2)
  3 jumping spiders (Spider:1)
  2 culicivoras
  8 redbacks
  A howler monkey (D:10)
  A gnoll bouda (D:10)
  2 gnolls (D:10)
76 creatures vanquished.

Vanquished Creatures (others)
  A deep elf zephyrmancer (Elf:3)
  A deep elf pyromancer (Elf:3)
  A human (Lair:4)
  A golden eye (Slime:2)
  An orc wizard (D:8)
  17 tentacles (Shoals:4)
22 creatures vanquished.

Grand Total: 2119 creatures vanquished

Notes
Turn   | Place    | Note
-------+----------+-------------------------------------------
     0 | D:1      | AutarchDCSS the Draconian Warper began the quest for the
                  | Orb.
     0 | D:1      | Reached XP level 1. HP: 17/17 MP: 3/3
    15 | D:1      | Found a faded altar of an unknown god.
    36 | D:1      | Prayed at the altar of an unknown god.
    36 | D:1      | Became a worshipper of Makhleb the Destroyer
    36 | D:1      | Reached * piety under Makhleb
   195 | D:1      | Reached XP level 2. HP: 25/25 MP: 5/5
   490 | D:2      | Reached XP level 3. HP: 30/30 MP: 6/6
   491 | D:2      | Reached ** piety under Makhleb
   703 | D:2      | Reached XP level 4. HP: 11/38 MP: 7/7
  1121 | D:2      | Noticed Terence
  1130 | D:2      | Killed Terence
  1753 | D:3      | Reached *** piety under Makhleb
  1839 | D:3      | Reached XP level 5. HP: 46/46 MP: 8/8
  2120 | D:3      | Found an ancient bone altar of Kikubaaqudgha.
  2221 | D:4      | Noticed Robin
  2455 | D:3      | Killed Robin
  2456 | D:3      | Reached skill level 5 in Short Blades
  2681 | D:4      | Noticed an ogre
  2703 | D:4      | Reached XP level 6. HP: 48/53 MP: 9/9
  3114 | D:4      | Reached skill level 5 in Fighting
  3429 | D:4      | Your scales start taking on a dull iron-grey colour.
  3429 | D:4      | Reached XP level 7. HP: 61/61 MP: 10/10
  3919 | D:5      | Entered Level 5 of the Dungeon
  3938 | D:5      | Reached **** piety under Makhleb
  4529 | D:5      | Noticed Pikel
  4612 | D:5      | Killed Pikel
  4613 | D:5      | Reached XP level 8. HP: 68/68 MP: 11/11
  4764 | D:5      | Found Kuxiecu's Tremendous Tomes.
  5485 | D:6      | Reached skill level 10 in Short Blades
  6119 | D:6      | Found Karen's Armour Boutique.
  6127 | D:6      | Bought a +0 pair of gloves of dexterity for 126 gold pieces
  6145 | D:6      | Bought a +2 buckler for 181 gold pieces
  6370 | D:7      | Found a staircase to the Ecumenical Temple.
  6383 | D:7      | Reached skill level 1 in Shields
  6456 | D:7      | Found Romi's Jewellery Emporium.
  6557 | D:7      | Reached XP level 9. HP: 70/74 MP: 12/12
  6660 | D:7      | Found a bloodstained altar of Trog.
  6660 | D:7      | Found a broken altar of Ashenzari.
  6952 | D:7      | Noticed Menkaure
  6961 | D:7      | Killed Menkaure
  6962 | D:7      | Reached skill level 5 in Dodging
  7394 | D:8      | Reached skill level 5 in Shields
  7978 | D:9      | Reached XP level 10. HP: 81/81 MP: 13/13
  8293 | D:9      | Reached skill level 1 in Invocations
  8440 | D:9      | Reached ***** piety under Makhleb
  8448 | D:9      | Noticed a two-headed ogre
  8458 | D:9      | Killed a two-headed ogre
  8950 | D:9      | Noticed a two-headed ogre
  8960 | D:9      | Killed a two-headed ogre
  8961 | D:9      | Reached skill level 5 in Invocations
  9220 | D:10     | Entered Level 10 of the Dungeon
  9221 | D:10     | Noticed Erica
  9924 | D:10     | Found an ornate altar of the Wu Jian Council.
 10101 | D:10     | Found a staircase to the Lair.
 10167 | D:10     | Noticed Sonja
 10192 | D:10     | Killed Sonja
 10193 | D:10     | Reached XP level 11. HP: 63/92 MP: 15/15
 10453 | D:10     | Noticed a two-headed ogre
 10470 | D:10     | Killed a two-headed ogre
 10667 | D:11     | Found a frozen archway.
 10701 | IceCv    | Entered an ice cave
 11809 | IceCv    | Noticed a reaper
 12051 | D:11     | Noticed a boulder beetle
 12071 | D:11     | Killed a boulder beetle
 12174 | D:11     | Noticed a boulder beetle
 12200 | D:11     | Killed a boulder beetle
 12201 | D:11     | Reached skill level 10 in Invocations
 13372 | D:11     | Reached skill level 10 in Fighting
 13427 | D:11     | Found a staircase to the Orcish Mines.
 13572 | Lair:1   | Entered Level 1 of the Lair of Beasts
 13717 | Lair:1   | Found a snail-covered altar of Cheibriados.
 13719 | Lair:1   | Noticed an oklob plant
 13931 | D:10     | Reached XP level 12. HP: 106/106 MP: 20/20
 13952 | D:10     | Killed Erica
 14444 | Lair:1   | Found a hide-covered altar of Uskayaw.
 14830 | Lair:2   | Noticed a six-headed hydra
 14842 | Lair:2   | Killed a six-headed hydra
 15221 | Lair:2   | Found an iron altar of Okawaru.
 15332 | Lair:2   | Found a hole to the Spider Nest.
 16168 | Lair:3   | Found a staircase to the Shoals.
 16450 | Lair:3   | Reached XP level 13. HP: 80/113 MP: 13/21
 16689 | Lair:3   | Reached skill level 10 in Dodging
 16692 | Lair:3   | Reached ****** piety under Makhleb
 16742 | Lair:3   | Noticed Amaemon
 16768 | Lair:3   | Killed Amaemon
 18313 | Lair:4   | Found a viscous altar of Jiyva.
 18314 | Lair:4   | Found a staircase to the Slime Pits.
 18349 | Lair:4   | Noticed Kirke
 18360 | Lair:4   | Noticed Josephine
 18937 | Lair:3   | Upgraded the game from 0.32-a0-981-g384da2ce10 to
                  | 0.32-a0-986-ga09f62fbf4
 18957 | Lair:3   | Killed Kirke
 19157 | Lair:4   | Killed Josephine
 20041 | Lair:5   | Entered Level 5 of the Lair of Beasts
 20047 | Lair:5   | Reached XP level 14. HP: 127/127 MP: 22/22
 21206 | Lair:5   | Reached skill level 15 in Fighting
 22419 | Orc:1    | Entered Level 1 of the Orcish Mines
 22484 | Orc:2    | Entered Level 2 of the Orcish Mines
 23791 | Orc:1    | Reached XP level 15. HP: 141/141 MP: 25/25
 23963 | Orc:2    | Found a staircase to the Elven Halls.
 24190 | Orc:2    | Found Feudouv's General Store.
 24190 | Orc:2    | Found Hiruff's Distillery.
 24190 | Orc:2    | Found Barch's Distillery.
 24190 | Orc:2    | Found Wietikh's General Store.
 24201 | Orc:2    | Bought a lightning rod (4/4) for 440 gold pieces
 24214 | Orc:2    | Learned a level 2 spell: Blink
 24218 | Orc:2    | Learned a level 3 spell: Swiftness
 24262 | Orc:2    | Reached skill level 15 in Invocations
 24518 | Orc:2    | Bought a scroll of immolation for 44 gold pieces
 24524 | Orc:2    | Bought a scroll of blinking for 97 gold pieces
 24524 | Orc:2    | Bought 2 scrolls of teleportation for 78 gold pieces
 24525 | Orc:2    | Bought a potion of heal wounds for 80 gold pieces
 25137 | Abyss:3  | Cast into level 3 of the Abyss (an occultist)
 25266 | D:12     | Escaped the Abyss
 26842 | D:14     | Found a gate to the Vaults.
 27906 | D:15     | Entered Level 15 of the Dungeon
 28223 | D:15     | Identified the +5 quarterstaff of Anenistu {heavy, Str+2
                  | Stlth+}
 28801 | D:15     | Found a staircase to the Depths.
 28897 | D:15     | Identified a scroll of acquirement
 28919 | D:15     | Noticed Roxanne
 29820 | Shoals:1 | Entered Level 1 of the Shoals
 30067 | Shoals:1 | Noticed Nikola
 30079 | Shoals:1 | Reached XP level 16. HP: 149/149 MP: 24/27
 30079 | Shoals:1 | Acquired the +3 Elemental Staff {ele, rElec rF+ rC+ AC+3}
 30079 | Shoals:1 | Found the +3 Elemental Staff {ele, rElec rF+ rC+ AC+3}
 30094 | Shoals:1 | Killed Nikola
 30362 | Shoals:1 | Noticed Jorgrun
 30458 | Shoals:1 | Killed Jorgrun
 30523 | Shoals:1 | Identified the serpent talisman "Nukleacvun" {rElec}
 30523 | Shoals:1 | Noticed Aizul
 30539 | Shoals:1 | Killed Aizul
 31416 | Shoals:1 | Reached skill level 1 in Conjurations
 31739 | Shoals:1 | Reached skill level 1 in Earth Magic
 34873 | Shoals:3 | Reached skill level 5 in Spellcasting
 34890 | Shoals:3 | Noticed Polyphemus
 35625 | Shoals:3 | Killed Polyphemus
 36497 | Shoals:3 | Reached XP level 17. HP: 100/163 MP: 15/28
 37186 | Shoals:4 | Entered Level 4 of the Shoals
 38253 | Orc:1    | Found a radiant altar of Vehumet.
 38325 | Orc:1    | Found Lakitoit's Antique Weapon Emporium.
 38561 | Elf:1    | Entered Level 1 of the Elven Halls
 39152 | Elf:1    | Got Sif Muna's Encyclopedia of Fuming Death
 39256 | Elf:1    | Found a huge runed translucent gate.
 39256 | Elf:1    | Found a huge runed translucent gate.
 39257 | Elf:1    | Found a huge runed translucent gate.
 39257 | Elf:1    | Found a huge runed translucent gate.
 39257 | Elf:1    | Found a huge runed translucent gate.
 39257 | Elf:1    | Found a huge runed translucent gate.
 39258 | Elf:1    | Found a huge runed translucent gate.
 39258 | Elf:1    | Found a huge runed translucent gate.
 39259 | Elf:1    | Found a huge runed translucent gate.
 39259 | Elf:1    | Found a huge runed translucent gate.
 39260 | Elf:1    | Found a huge runed translucent gate.
 39260 | Elf:1    | Found a huge runed translucent gate.
 39260 | Elf:1    | Found a huge runed translucent gate.
 39261 | Elf:1    | Found a huge runed translucent gate.
 39265 | Elf:1    | Found a huge runed translucent gate.
 39266 | Elf:1    | Found a huge runed translucent gate.
 39266 | Elf:1    | Found a huge runed translucent gate.
 39266 | Elf:1    | Found a huge runed translucent gate.
 39268 | Elf:1    | Found a huge runed translucent gate.
 39269 | Elf:1    | Found a huge runed translucent gate.
 39270 | Elf:1    | Found a huge runed translucent gate.
 39270 | Elf:1    | Found a huge runed translucent gate.
 39286 | Elf:1    | Found a huge runed translucent gate.
 39287 | Elf:1    | Found a huge runed translucent gate.
 39287 | Elf:1    | Found a huge runed translucent gate.
 39287 | Elf:1    | Found a huge runed translucent gate.
 39287 | Elf:1    | Found a huge runed translucent gate.
 39289 | Elf:1    | Found a huge runed translucent gate.
 39290 | Elf:1    | Found a huge runed translucent gate.
 39291 | Elf:1    | Found a huge runed translucent gate.
 39291 | Elf:1    | Found a huge runed translucent gate.
 39301 | Elf:1    | Found a huge runed translucent gate.
 39309 | Elf:1    | Found a huge runed translucent gate.
 39309 | Elf:1    | Found a huge runed translucent gate.
 39333 | Elf:1    | Found a huge runed translucent gate.
 39336 | Elf:1    | Found a huge runed translucent gate.
 39381 | Elf:1    | Found Jiaw's Jewellery Emporium.
 39387 | Elf:1    | Found Yciav's Distillery.
 39411 | Elf:1    | Bought a ring of poison resistance for 260 gold pieces
 39788 | Spider:1 | Entered Level 1 of the Spider Nest
 39812 | Lair:2   | Reached skill level 10 in Spellcasting
 40087 | Orc:2    | Bought a potion of curing for 39 gold pieces
 40092 | Orc:2    | Bought a potion of curing for 48 gold pieces
 40094 | Orc:2    | Bought a potion of curing for 45 gold pieces
 40094 | Orc:2    | Bought a potion of curing for 45 gold pieces
 40094 | Orc:2    | Bought 2 potions of curing for 90 gold pieces
 42031 | Spider:1 | Reached skill level 5 in Earth Magic
 47262 | Spider:2 | Reached XP level 18. HP: 172/172 MP: 32/32
 47739 | Spider:3 | Reached skill level 15 in Dodging
 49183 | Spider:3 | Noticed Arachne
 49199 | Spider:4 | Entered Level 4 of the Spider Nest
 49598 | Spider:4 | Noticed Bai Suzhen
 49906 | Spider:4 | Killed Bai Suzhen
 49907 | Spider:4 | Noticed Agnes
 51368 | Spider:4 | Killed Agnes
 51713 | Spider:4 | Reached skill level 1 in Staves
 53546 | Spider:4 | Identified the +2 chain mail of Parlour Games {rF+}
 53746 | Spider:4 | Reached skill level 5 in Staves
 54107 | Spider:4 | Found the +0 pair of gloves of the gadgeteer {Gadgeteer
                  | Wandboost ^Fragile}
 54341 | Spider:4 | Got a gossamer rune of Zot
 54609 | Vaults:1 | Entered Level 1 of the Vaults
 55889 | Vaults:1 | Reached skill level 1 in Stealth
 56029 | Vaults:1 | Found a runed translucent door.
 56030 | Vaults:1 | Noticed Ciogeq's ghost (adept DECj)
 56074 | Vaults:1 | You fall into a shaft and drop 1 floor!
 56134 | Vaults:2 | Found Ufiraep's Armour Boutique.
 57524 | Vaults:1 | Paralysed by a sphinx for 3 turns
 58238 | Vaults:1 | Reached XP level 19. HP: 179/179 MP: 33/33
 58481 | Vaults:1 | Reached skill level 10 in Staves
 59899 | Vaults:2 | Paralysed by a formless jellyfish for 1 turns
 62733 | Vaults:3 | Found Xeih's Antique Weapon Shop.
 62859 | Vaults:3 | Reached skill level 1 in Evocations
 63079 | Vaults:3 | Found a staircase to the Crypt.
 64216 | Vaults:3 | Reached XP level 20. HP: 187/187 MP: 34/34
 64242 | Vaults:3 | Paralysed by something for 5 turns
 64438 | Vaults:3 | Reached skill level 5 in Evocations
 65747 | Vaults:4 | Identified the ring of Lucoqac {rC+ rN+ Dex+3}
 65774 | Vaults:4 | Paralysed by a formless jellyfish for 1 turns
 69158 | Shoals:4 | Identified the +5 spear of the Baleful God {elec, +Blink
                  | rF+ Str-5 SInv}
 69389 | Shoals:4 | Found a transporter.
 69391 | Shoals:4 | Found a transporter.
 69392 | Shoals:4 | Noticed grrhawk's ghost (adept FoFi)
 70555 | Shoals:4 | Got a barnacled rune of Zot
 71059 | Shoals:4 | Identified the staff of Mastery {rF++ rC+ Stlth+ Earth}
 72556 | Elf:1    | Noticed Zenata
 72575 | Elf:1    | Killed Zenata
 73018 | Elf:2    | Reached skill level 10 in Evocations
 73087 | Elf:2    | Found Poucoc's Armour Shoppe.
 73095 | Elf:2    | Bought the +3 Mad Mage's Maulers {Infuse+∞ VampMP -Cast}
                  | for 640 gold pieces
 73095 | Elf:2    | Found the +3 Mad Mage's Maulers {Infuse+∞ VampMP -Cast}
 73255 | Elf:1    | Got Sif Muna's Handbook of Creative Bolts
 73804 | Elf:2    | Found a huge runed translucent gate.
 73804 | Elf:2    | Found a huge runed translucent gate.
 73805 | Elf:2    | Found a huge runed translucent gate.
 73806 | Elf:2    | Found a huge runed translucent gate.
 73942 | Elf:2    | Found a huge runed translucent gate.
 74524 | Elf:2    | Reached XP level 21. HP: 144/194 MP: 2/35
 75002 | Elf:2    | Found a shimmering blue altar of Sif Muna.
 75667 | Depths:1 | Entered Level 1 of the Depths
 76523 | Depths:1 | Found Buengopnep's Assorted Antiques.
 76814 | Depths:1 | Found a white marble altar of Elyvilon.
 77131 | Depths:1 | Paralysed by a wendigo for 1 turns
 77909 | Depths:1 | Found a gateway to Hell.
 79948 | Depths:1 | Paralysed by a wendigo for 1 turns
 81090 | Depths:1 | Glimpsed the power of Zot.
 81097 | Depths:1 | Found Juefo's Magic Scroll Shoppe.
 81129 | Depths:1 | Bought a scroll of enchant weapon for 135 gold pieces
 81129 | Depths:1 | Bought a scroll of blinking for 135 gold pieces
 81268 | Depths:1 | Found Xueh's Weapon Shop.
 81274 | Depths:1 | Found a one-way gate to the infinite horrors of the Abyss.
 82261 | Depths:2 | Found a one-way gateway to a ziggurat.
 82287 | Depths:2 | Found a one-way gate leading to the halls of Pandemonium.
 82745 | Depths:2 | Reached skill level 15 in Staves
 82751 | Depths:2 | Gained mutation: You are vulnerable to cold. (rC-) [a
                  | shining eye]
 83438 | Depths:2 | Found a radiant altar of Vehumet.
 85657 | Depths:3 | Found a sacrificial altar of Ru.
 85657 | Depths:3 | Identified the ring of Suspected Treachery {Ice Dex+3}
 85930 | Depths:3 | Paralysed by a sphinx for 2 turns
 87462 | Depths:3 | Reached XP level 22. HP: 209/209 MP: 5/36
 87472 | Depths:3 | Paralysed by a vampire knight for 5 turns
 88868 | Depths:4 | Entered Level 4 of the Depths
 90306 | Depths:4 | Noticed a golden dragon
 90491 | Depths:4 | Noticed Grunn
 91591 | Elf:3    | Entered Level 3 of the Elven Halls
 92088 | Elf:3    | Lost mutation: You are vulnerable to cold. (rC-) [potion of
                  | mutation]
 92088 | Elf:3    | Gained mutation: You are strong-willed. (Will+) [potion of
                  | mutation]
 92088 | Elf:3    | Gained mutation: Your mind is acute. (Int +4, Str/Dex -1)
                  | [potion of mutation]
 92088 | Elf:3    | Gained mutation: You have sharp toenails. [potion of
                  | mutation]
 92728 | Elf:3    | Found Rocudog's Antique Weapon Boutique.
 93533 | Elf:3    | Identified the amulet of Hepliaklqana's Regard {rF+
                  | RegenMP+}
 93705 | Elf:3    | Identified the amulet of Divine Compulsion {rN+ RegenMP+
                  | SInv}
 93710 | Elf:3    | Identified the ring of Yplamyuth {^Drain rPois rN+ rCorr
                  | Dex+2}
 93997 | Elf:3    | Identified the ring of Eternity {Will+ MP+9 Slay+2}
 95054 | Elf:3    | Identified the +3 longbow of the Vestibule of Hell {flame,
                  | ^Fragile rElec Will+++ Dex-3}
 95073 | Elf:3    | Got the Quarto of Ensorcelling
 95775 | Depths:1 | Bought a scroll of immolation for 72 gold pieces
 96252 | Slime:1  | Entered Level 1 of the Pits of Slime
 96922 | Slime:2  | Noticed Dissolution
 98881 | Slime:4  | Paralysed by a formless jellyfish for 1 turns
 98945 | Slime:4  | Paralysed by a formless jellyfish for 1 turns
 99622 | Slime:5  | Entered Level 5 of the Pits of Slime
 99638 | Slime:4  | Reached XP level 23. HP: 178/215 MP: 2/37
101009 | Slime:5  | Noticed the Royal Jelly
101016 | Slime:5  | Killed the Royal Jelly
102465 | Slime:5  | Identified the +5 whip of Etiso {flame, +Blink rF+ Dex+3}
102478 | Slime:5  | Got the Incunabulum of Hurting
102482 | Slime:5  | Identified the +0 dagger "Giantbane" {flame, rF+ Dex+4}
102500 | Slime:5  | Got the Handbook of Concerted Cryomancy
102502 | Slime:5  | Got a slimy rune of Zot
102504 | Slime:5  | Got Coevenimael's Essays on the Mirage and Congelation
102528 | Slime:5  | Identified the staff of Cheese {rElec rC+ SInv Conj Summ
                  | Ice}
102531 | Slime:5  | Identified the +9 glaive "Newtslayer" {flame, rCorr Dex+3}
102539 | Slime:5  | Identified the +2 robe of Supple Strength {Will+ Slay+2}
102553 | Slime:5  | Acquired an amulet of regeneration
102559 | Slime:5  | Identified the +8 long sword of Oseoz {freeze, rF- rC+
                  | Will+ Str+3}
103359 | Crypt:1  | Entered Level 1 of the Crypt
105428 | Crypt:1  | Got the Dissertation on Dark Acts
106900 | Crypt:2  | Got the Parchment of the Jinx
106916 | Crypt:2  | Learned a level 4 spell: Passage of Golubria
107299 | Crypt:2  | Found a runed translucent gate.
107299 | Crypt:2  | Found a runed translucent gate.
107299 | Crypt:2  | Found a runed translucent gate.
107299 | Crypt:2  | Noticed Vywebed's ghost (adept MiFi)
108089 | Crypt:3  | Entered Level 3 of the Crypt
108292 | Crypt:3  | Paralysed by a vampire knight for 4 turns
108450 | Crypt:3  | Found a staircase to the Tomb.
109192 | Crypt:3  | Reached XP level 24. HP: 201/222 MP: 2/37
109561 | Crypt:3  | Identified the ring of the Trilobite {rPois Will+ Str+6}
110022 | Crypt:3  | Found an ancient bone altar of Kikubaaqudgha.
110536 | Crypt:3  | Identified the staff "Zutorhirhe" {rN+ Dex+4 Necro}
110538 | Crypt:3  | Identified the +2 mace "Tormentor" {flame, Will+}
111316 | Crypt:3  | Identified the +9 battleaxe "Zyuwew" {freeze, rPois Will+
                  | Dex+4}
112418 | Crypt:3  | Reached skill level 5 in Stealth
112485 | Crypt:3  | Got the Almanac of the Chemical Fjord
114166 | Depths:4 | Killed Grunn
114790 | Depths:4 | Found a hazy altar of Hepliaklqana.
115014 | Depths:3 | Identified the +9 quarterstaff "Diamaimni" {venom, rF+ rC+
                  | rN+++ Dex-4}
115205 | Depths:4 | Noticed Mennas
115700 | Depths:4 | Killed Mennas
115965 | Depths:4 | Found a gate to the Realm of Zot.
116494 | Zot:1    | Entered Level 1 of the Realm of Zot
116520 | Zot:1    | Noticed an orb of fire
116796 | Orc:2    | Bought a ring of protection from fire for 325 gold pieces
117308 | Vaults:1 | Killed Ciogeq's ghost
117937 | Shoals:4 | Killed grrhawk's ghost
118237 | Shoals:4 | Identified the ring "Tutaghum" {Str-2 Int-2 Dex+4 Slay+4
                  | Stlth+}
118934 | Elf:1    | Bought a potion of heal wounds for 60 gold pieces
118934 | Elf:1    | Bought a potion of curing for 36 gold pieces
118934 | Elf:1    | Bought a potion of resistance for 120 gold pieces
118934 | Elf:1    | Bought a potion of curing for 36 gold pieces
118934 | Elf:1    | Bought a potion of heal wounds for 60 gold pieces
118934 | Elf:1    | Bought a potion of mutation for 96 gold pieces
118934 | Elf:1    | Bought a potion of invisibility for 96 gold pieces
119501 | Orc:2    | Bought a potion of resistance for 160 gold pieces
119501 | Orc:2    | Bought a potion of invisibility for 128 gold pieces
119501 | Orc:2    | Bought a potion of enlightenment for 80 gold pieces
119501 | Orc:2    | Bought a potion of enlightenment for 80 gold pieces
119501 | Orc:2    | Bought a potion of mutation for 128 gold pieces
120231 | Zot:1    | Gained mutation: Your magical capacity is low. (-10% MP)
                  | [an orb of fire]
120234 | Zot:1    | Killed an orb of fire
120377 | Zot:1    | Noticed an orb of fire
120403 | Zot:1    | Gained mutation: You are occasionally teleported next to
                  | monsters. [an orb of fire]
120407 | Zot:1    | Killed an orb of fire
120419 | Zot:1    | Lost mutation: Your mind is acute. (Int +4, Str/Dex -1)
                  | [potion of mutation]
120419 | Zot:1    | Lost mutation: You have sharp toenails. [potion of
                  | mutation]
120419 | Zot:1    | Gained mutation: You passively dampen the noise of your
                  | surroundings. [potion of mutation]
120419 | Zot:1    | Gained mutation: You are agile. (Dex +4, Str/Int -1)
                  | [potion of mutation]
120419 | Zot:1    | Gained mutation: You expend magic power (3 MP) to
                  | strengthen your wands. [potion of mutation]
120420 | Zot:1    | Lost mutation: You passively dampen the noise of your
                  | surroundings. [potion of mutation]
120420 | Zot:1    | Lost mutation: Your magical capacity is low. (-10% MP)
                  | [potion of mutation]
120420 | Zot:1    | Gained mutation: You occasionally lose the ability to drink
                  | potions when taking damage. [potion of mutation]
120420 | Zot:1    | Gained mutation: You have sharp fingernails. [potion of
                  | mutation]
120421 | Zot:1    | Lost mutation: You have sharp fingernails. [potion of
                  | mutation]
120421 | Zot:1    | Lost mutation: You expend magic power (3 MP) to strengthen
                  | your wands. [potion of mutation]
120421 | Zot:1    | Gained mutation: You have large cloven feet. [potion of
                  | mutation]
120421 | Zot:1    | Gained mutation: You occasionally shout uncontrollably at
                  | your foes. [potion of mutation]
120422 | Zot:1    | Lost mutation: You occasionally shout uncontrollably at
                  | your foes. [potion of mutation]
120422 | Zot:1    | Lost mutation: You have large cloven feet. [potion of
                  | mutation]
120422 | Zot:1    | Gained mutation: You have sharp toenails. [potion of
                  | mutation]
120422 | Zot:1    | Gained mutation: Your flesh is heat resistant. (rF+)
                  | [potion of mutation]
120423 | Zot:1    | Lost mutation: You are occasionally teleported next to
                  | monsters. [potion of mutation]
120423 | Zot:1    | Lost mutation: You have sharp toenails. [potion of
                  | mutation]
120423 | Zot:1    | Gained mutation: Your spells are a little harder to cast,
                  | but a little more powerful. [potion of mutation]
120423 | Zot:1    | Gained mutation: Your spells are harder to cast, but more
                  | powerful. [potion of mutation]
120423 | Zot:1    | Gained mutation: Potions are less effective at restoring
                  | your health. [potion of mutation]
120423 | Zot:1    | Gained mutation: You are very agile. (Dex +8, Str/Int -2)
                  | [potion of mutation]
120576 | Zot:1    | HP: 8/228 [something (7)]
120578 | Zot:1    | Slain by a black draconian knight

Illustrated notes

Levels and vault maps discovered:
D:1:      shiori_arrival_oz, layout_rooms, hellmonk_ecumenical_altar_crossroads,
          grunt_decor_fettered
D:2:      layout_loops_corners, uniq_terence
D:3:      layout_loops_ring, kennysheep_vampire_church
D:4:      layout_cave_pods, corexii_shack, uniq_robin
D:5:      layout_layer_cave, corexii_leaking_fountain,
          nicolae_shop_i_like_big_books, st_stairs_10, nicolae_sextant,
          uniq_pikel
D:6:      layout_layer_cave, serial_shops, nicolae_shop_advertising_works
          [nicolae_subvault_shop_adworks]
D:7:      layout_loops_cross, jmf_multi_god_temple,
          minmay_temple_entry_stoned_glass, serial_shops, shop,
          chequers_arboretum, serial_bayou_crossing, uniq_menkaure
D:8:      layout_rooms
D:9:      layout_gridville
D:10:     layout_irregular_city, mainiacjoe_overflow_brackets,
          erik_lair_orcish_takeover, uniq_erica, uniq_sonja
D:11:     layout_basic, david_orc_4, portal_ice_cave_entry_pillars_1
D:12:     layout_rooms, minivault_22, lightli_wizard_tower
D:13:     layout_roguey, hangedman_decor_push
D:14:     layout_basic, david_vaults_2, minivault_27
D:15:     gammafunk_enter_depths_forms, layout_irregular_city, serial_bayou,
          serial_bayou_pond_d, serial_bayou_pond_d, serial_bayou_pond_b,
          serial_bayou_pond_e, serial_library_hellmonk_room_c, uniq_roxanne
Lair:1:   layout_chaotic_city, basic_altar, lemuel_oklob_altar
Lair:2:   layout_cave_pods, spider_nest_entry_web_field, basic_altar,
          hangedman_lair_unloving_vines, minmay_holes,
          nicolae_lair_grove_arrangements, lemuel_fruit_tree
Lair:3:   layout_cave_pods, elwin_shoals_entry_stream, grunt_megastairs_3,
          uniq_amaemon
Lair:4:   layout_loops_ring, nicolae_slime_entry_slimehenge,
          serial_bayou_shore_a, uniq_josephine, uniq_kirke
Lair:5:   grunt_lair_end_beastmaster, layout_hall_layers, minivault_24,
          lemuel_fruit_fields
Shoals:1: layout_shoals, uniq_aizul, uniq_nikola, uniq_jorgrun
Shoals:2: layout_shoals
Shoals:3: layout_shoals, nicolae_shoals_water_booths, uniq_polyphemus
Shoals:4: shoals_end_hangedman, layout_shoals, ebering_ghost_davey_jones
Spider:1: layout_chambers, nicolae_spider_claw_tunnel,
          hangedman_spider_tarantella_strand
Spider:2: layout_spider_delve, nicolae_spider_eight_legs
Spider:3: layout_spider_delve, uniq_arachne
Spider:4: grunt_spider_rune_parallel, drop_trap, uniq_bai_suzhen, uniq_agnes
Slime:1:  layout_caves
Slime:2:  layout_caves, basic_altar, uniq_dissolution
Slime:3:  layout_caves
Slime:4:  layout_caves
Slime:5:  slime_pit_nicolae_royal_road_to_ruin
Orc:1:    layout_caves, basic_altar, serial_shops, shop, mines4_lemuel
Orc:2:    st_orc_ogre_mass, layout_caves, nicolae_orc_bridge_out
Elf:1:    eino_elf_arrival_sip, layout_geoelf_octagon,
          gammafunk_ghost_door_vault, minmay_elf_sorcery, minivault_15,
          hangedman_elf_targeted_burst, minmay_shoptagon, uniq_zenata
Elf:2:    elven_hall_of_blades_hangedman_alternative
          [nicolae_blade_entry_crossed_weapons], layout_loops_ring,
          serial_shops, shop, serial_sigils, serial_sigils_hangedman_etch,
          serial_sigils_hangedman_quiver, serial_sigils_hangedman_gut,
          serial_sigils_hangedman_scratch, library_closet, grunt_ministairs_5,
          david_defended_altar_elf
Elf:3:    minmay_elf_hall_x, layout_rooms, serial_shops,
          nicolae_shop_pleasant_corner_grove, st_stairs_12
Vaults:1: hellmonk_ghost_happy_afterlife, nicolae_vaults_trapezoid_lopsided_2,
          nicolae_vaults_storage_room_doors, v_rooms_5, nicolae_vaults_prndl,
          nicolae_vaults_storage_closets_2, v_rooms_6,
          nicolae_vaults_more_shelving_2, ontoclasm_vaults_decontamination,
          nicolae_vaults_statue_guard, v_rooms_2, nicolae_vaults_trapezoid_4,
          layout_vaults_maze
Vaults:2: v_pattern_4, nicolae_vaults_little_ls,
          nicolae_vaults_little_squares_1,
          nicolae_vaults_taking_the_gang_shopping,
          nicolae_vaults_offset_grid_hallway_1,
          nicolae_vaults_ring_of_whatevers, v_misc_30, ontoclasm_vaults_bender,
          layout_vaults_omnigrid
Vaults:3: mu_enter_wizlab_1, minmay_crypt_entry_simple_plaza,
          nicolae_vaults_three_branches, nicolae_vaults_trapezoid_1,
          nicolae_vaults_heart-shaped_vault, v_misc_3, v_misc_3,
          hangedman_vaults_cutoff, v_misc_27,
          nicolae_vaults_antechamber_and_loot_room, ontoclasm_vaults_twist,
          vaults_room_semicircle, layout_vaults_omnicross, serial_shops, shop
Vaults:4: nicolae_vaults_tetromino_Z_2, ontoclasm_vaults_idyll,
          nicolae_vaults_storage_closets_3, nicolae_vaults_crenellated_ambush,
          hangedman_vaults_nodes, nicolae_vaults_wrenched, v_misc_30,
          vaults_room_fours, nicolae_vaults_house_2, layout_vaults_chaotic_city
Crypt:1:  layout_misc_corridors, special_room [special_room_morgue],
          st_stairs_10
Crypt:2:  layout_misc_corridors, gammafunk_ghost_spectres,
          small_chamber_with_monster, minivault_5,
          serial_library_regret_index_headful
Crypt:3:  church_of_pain_bobbens, layout_chaotic_city, grunt_ministairs_12,
          nicolae_crypt_lichyard
Depths:1: dreamdust_isle_of_ice, layout_gridville, minmay_misc_feat_tower,
          abyss_entry, serial_shops, shop, shop_fountains, nicolae_square_shop,
          grunt_hell_entry_dis_old, nicolae_elyvilon_temple_path
Depths:2: kennysheep_bubbly, layout_small_grid, enter_ziggurat_d, pan_entry,
          abyss_entry_small_statue_room, fiery_altar_vehumet, hell_entry,
          eino_small_chamber_without_monster
Depths:3: hangedman_cross_cluster, layout_gridlike, hell_entry,
          nicolae_abyss_entry_one_way_or_another, hex_intersection,
          minmay_tree_intersection, infiniplex_staircase_zigzag_3, firewood_loft
Depths:4: grunt_zot_entry_gee_three, layout_cave_pools,
          nicolae_hepliaklqana_hazy_memory, hangedman_geh_valley, uniq_grunn,
          uniq_mennas
Zot:1:    layout_gridlike, skrybe_zot_glass_2, grunt_megastairs_4

Skill      XL: |  1  2  3  4  5  6  7  8  9 10 11 12 13 14 15 16 17 18 19 20 21 22 23 24 |
---------------+-------------------------------------------------------------------------+-----
Short Blades   | 3 4 5 6 9 10 14 | 14.0
Fighting       | 3 4 5 9 10 12 15 18 19 20 21 | 21.1
Dodging        | 3 7 8 9 12 14 16 18 20 21 | 21.9
Shields        | 2 5 |  5.0
Invocations    | 6 11 14 15 17 19 | 19.0
Spellcasting   | 4 7 10 | 10.0
Conjurations   | 2 |  2.0
Earth Magic    | 2 7 |  7.3
Staves         | 9 14 16 17 20 21 | 21.8
Stealth        | 4 7 |  7.6
Evocations     | 4 10 11 13 | 13.1
Throwing       | |  0.8
Translocations | |  3.0

Action                     |  1- 3 |  4- 6 |  7- 9 | 10-12 | 13-15 | 16-18 | 19-21 | 22-24 || total
---------------------------+-------+-------+-------+-------+-------+-------+-------+-------++-------
  Melee: Short sword       |    80 |   233 |   134 |       |       |       |       |       ||   447
         Tailslap          |     7 |    36 |    52 |   206 |   636 |   897 |   716 |   628 ||  3178
         Unarmed           |       |       |    17 |       |       |       |       |       ||    17
         Dagger            |       |       |   200 |   927 |   446 |       |       |       ||  1573
         Rapier            |       |       |       |       |  2071 |  3310 |       |       ||  5381
         Staff             |       |       |       |       |       |     4 |    36 |       ||    40
         Lajatang          |       |       |       |       |       |    30 |  2571 |  2231 ||  4832
  Throw: Dart              |       |     3 |     2 |     7 |     2 |     9 |     2 |       ||    25
 Invoke: Minor Destruction |    10 |     1 |       |    36 |    13 |    29 |       |       ||    89
         Lesser Servant of |       |       |       |     4 |     1 |     3 |       |       ||     8
         Greater Servant o |       |       |       |       |     1 |    13 |     3 |     1 ||    18
         Major Destruction |       |       |       |       |       |     6 |       |     2 ||     8
Ability: Mud Breath        |       |       |       |     2 |       |       |       |       ||     2
  Evoke: Wand              |       |       |       |     5 |       |     8 |     2 |     3 ||    18
         Lightning rod     |       |       |       |       |       |     8 |     3 |     5 ||    16
         Tin of tremorston |       |       |       |       |       |     2 |       |     4 ||     6
         Phantom mirror    |       |       |       |       |       |     2 |     2 |     2 ||     6
         Sack of spiders   |       |       |       |       |       |       |     2 |     2 ||     4
         Phial of floods   |       |       |       |       |       |       |     2 |     2 ||     4
    Use: Scroll            |       |       |    12 |     6 |     6 |    21 |    11 |    10 ||    66
         Potion            |       |       |       |     1 |     1 |    13 |     6 |    17 ||    38
   Stab: Sleeping          |       |     4 |     1 |     2 |     3 |    11 |    23 |    15 ||    59
         Distracted        |       |       |       |     2 |       |    13 |    11 |     7 ||    33
 Armour: Skin              |    40 |   105 |   123 |   325 |   967 |  1443 |   981 |  1032 ||  5016
  Dodge: Dodged            |    41 |   101 |   135 |   435 |  1620 |  2918 |  2368 |  2025 ||  9643
  Block: Buckler           |       |       |    62 |   295 |   900 |  1276 |       |       ||  2533

Table legend: (Time is in decaauts)
 A = Elapsed time spent in this place.
 B = Non-inter-level travel time spent in this place.
 C = Inter-level travel time spent in this place.
 D = Time resting spent in this place.
 E = Time spent auto-exploring this place.
 F = Levels seen in this place.
 G = Mean time per level.
                   A        B        C        D        E       F      G
               +--------+--------+--------+--------+--------+-----+--------+
         Total | 115033 | 104965 |  10068 |  51351 |  36030 |  52 | 2212.2 |
       Dungeon |  21542 |  17815 |   3727 |   5239 |   9548 |  15 | 1436.1 |
          Lair |  10752 |   8441 |   2311 |   2527 |   4096 |   5 | 2150.4 |
        Shoals |  10316 |   9692 |    624 |   5306 |   2458 |   4 | 2579.0 |
   Spider Nest |  12136 |  11828 |    308 |   7685 |   2052 |   4 | 3034.0 |
    Slime Pits |   6176 |   6088 |     88 |   4340 |    939 |   5 | 1235.2 |
  Orcish Mines |   3436 |   2932 |    504 |   1732 |    664 |   2 | 1718.0 |
   Elven Halls |   7908 |   7451 |    457 |   3277 |   3058 |   3 | 2636.0 |
        Vaults |  13672 |  12856 |    816 |   6315 |   4090 |   4 | 3418.0 |
         Crypt |   8368 |   8087 |    281 |   3479 |   3531 |   3 | 2789.3 |
        Depths |  18962 |  18038 |    924 |  10379 |   5336 |   4 | 4740.5 |
           Zot |    397 |    374 |     23 |     58 |    226 |   1 |  397.0 |
         Abyss |    106 |    106 |      0 |      0 |     31 |   1 |  106.0 |
      Ice Cave |   1257 |   1257 |      0 |   1010 |      0 |   1 | 1257.0 |
               +--------+--------+--------+--------+--------+-----+--------+

Top non-repeatable levels by time:
Depths:3: 7220 daAuts
Depths:1: 6993 daAuts
 Crypt:3: 4442 daAuts
Vaults:3: 4414 daAuts
Vaults:1: 4078 daAuts
  Lair:3: 3594 daAuts
Shoals:4: 3386 daAuts
   Elf:3: 3314 daAuts
Spider:3: 3245 daAuts
Spider:2: 3219 daAuts
Vaults:2: 3089 daAuts
Spider:4: 2985 daAuts
  Lair:2: 2961 daAuts
Shoals:2: 2914 daAuts
Spider:1: 2685 daAuts
